 Dungeon Crawl Stone Soup version 0.31.0-11-ge490571c62 (webtiles) character file.

Game seed: 16328338155227640731

24176 jasper the Tortoise (level 12, 0/139 (177) HPs)
             Began as an Armataur Fighter on Feb 5, 2024.
             Was an Elder of Ashenzari.
             Slain by a scorpion (4 damage)
             ... on level 3 of the Lair of Beasts.
             The game lasted 00:20:05 (11746 turns).

jasper the Tortoise (Armataur Fighter)             Turns: 11746, Time: 00:20:06

HP:   0/139 (177)   AC: 26    Str: 23 (25) XL:     12   Next: 78%
MP:   12/12         EV:  1    Int:  7 (8)  God:    Ashenzari [****..]
Gold: 1115          SH:  0    Dex: 11 (12) Spells: 11/11 levels left

rFire   . . .        k - +7 dire flail "Suspicion of Ashenzari" {holy, Self, Melee} (curse)
rCold   . . .        (shield currently unavailable)
rNeg    . . .        W - melded +0 plate armour
rPois   +            h - melded +1 hat of the Unveiling Comet {Dev, Bglg} (curse)
rElec   .            s - melded +0 cloak "Burden of Ashenzari" {Bglg, Melee} (curse)
rCorr   .            O - melded +0 pair of gloves
SInv    +            (no barding)
Will    +....        d - amulet "Restrained With Me" {Regen+, Sorc, Melee} (curse)
Stlth   +            x - ring of Toth-Mos's Legacy {Will+, Range, Dev} (curse)
HPRegen 1.23/turn    N - ring "Share My Regret" {rPois, Self, Fort} (curse)
MPRegen 0.13/turn

%: clarity, roll
@: tree-form, heavily drained
A: stationary, stasis, torment immunity, boosted hp, large, (deformed body),
(tough skin 3), (armoured tail), roll 2, deterioration 2, mutation resistance 1
a: Renounce Religion, Curse Item, Shatter the Chains


You were on level 3 of the Lair of Beasts.
You worshipped Ashenzari.
Ashenzari was greatly pleased with you.
You were a tree.
You visited 3 branches of the dungeon, and saw 15 of its levels.
You also visited: Ossuary.

You collected 1115 gold pieces.

Inventory:

Hand Weapons
 a - a +0 flail
 k - the cursed +7 dire flail "Suspicion of Ashenzari" (weapon) {holy, Self, Melee}
   (You took it off Edmund on level 4 of the Dungeon)

   It has a curse which improves the following skills: Introspection: Fighting
   and Spellcasting.
   Melee Combat: Short Blades, Long Blades, Axes, Maces & Flails, Polearms,
   Staves and Unarmed Combat.
 n - a +0 morningstar
Missiles
 e - 97 stones (quivered)
 i - 42 poisoned darts
 o - 3 boomerangs
 C - 4 curare-tipped darts
 M - 3 throwing nets
 S - 6 javelins
Armour
 b - a +0 scale mail
 c - a +0 buckler
 g - a +0 chain mail
 h - the cursed +1 hat of the Unveiling Comet (melded) {Dev, Bglg}
   (You found it on level 11 of the Dungeon)

   It has a curse which improves the following skills: Devices: Evocations and
   Shapeshifting.
   Beguiling: Hexes and Translocations.
 s - the cursed +0 cloak "Burden of Ashenzari" (melded) {Bglg, Melee}
   (You found it on level 3 of the Dungeon)

   It has a curse which improves the following skills: Beguiling: Hexes and
   Translocations.
   Melee Combat: Short Blades, Long Blades, Axes, Maces & Flails, Polearms,
   Staves and Unarmed Combat.
 w - a +0 cloak
 I - a +0 kite shield
 L - a +0 buckler
 O - a +0 pair of gloves (melded)
 W - a +0 plate armour (melded)
Jewellery
 d - the cursed amulet "Restrained With Me" (around neck) {Regen+, Sorc, Melee}
   (You found it on level 3 of the Dungeon)

   [amulet of regeneration]

   Regen+:    It increases your rate of health regeneration.
   It has a curse which improves the following skills: Sorcery: Conjurations and
   Alchemy.
   Melee Combat: Short Blades, Long Blades, Axes, Maces & Flails, Polearms,
   Staves and Unarmed Combat.
 x - the cursed ring of Toth-Mos's Legacy (left branch) {Will+, Range, Dev}
   (You found it on level 10 of the Dungeon)

   [ring of willpower]

   Will+:     It increases your willpower.
   It has a curse which improves the following skills: Ranged Combat: Ranged
   Weapons and Throwing.
   Devices:   Evocations and Shapeshifting.
 N - the cursed ring "Share My Regret" (right branch) {rPois, Self, Fort}
   (You found it on level 11 of the Dungeon)

   [ring of poison resistance]

   rPois:     It protects you from poison It has a curse which improves the
   following skills: Introspection: Fighting and Spellcasting.
   Fortitude: Armour and Shields.
 R - a +6 ring of intelligence
Talismans
 v - a granite talisman
Wands
 q - a wand of charming (1)
 J - a wand of digging (4)
 K - a wand of iceblast (4)
 P - a wand of polymorph (6)
 T - a wand of mindburst (9)
Scrolls
 f - 2 scrolls of poison
 j - 7 scrolls of teleportation
 r - a scroll of revelation
 u - a scroll of silence
 y - 2 scrolls of enchant weapon
 B - 2 scrolls of immolation
 F - a scroll of brand weapon
 H - 2 scrolls of summoning
 U - a scroll of vulnerability
 V - 3 scrolls of noise
Potions
 m - 3 potions of ambrosia
 p - a potion of magic
 t - 4 potions of brilliance
 z - 2 potions of mutation
 A - a potion of cancellation
 D - 3 potions of enlightenment
 E - 4 potions of attraction
 G - a potion of resistance


   Skills:
 + Level 12.3(14.9) Fighting
 - Level 11.1(13.8) Maces & Flails
 + Level 15.7(17.4) Armour
 - Level 3.2(4.9) Shields


You had 11 spell levels left.
You didn't know any spells.
Your spell library contained the following spells:

 Spells                   Type           Power      Damage    Failure   Level
 Sandblast                Erth           0%         2d4       41%         1
 Slow                     Hex            0%         N/A       41%         1
 Stone Arrow              Conj/Erth      0%         3d7       78%         3
 Confusing Touch          Hex            0%         N/A       80%         3
 Passwall                 Erth           0%         N/A       80%         3
 Sigil of Binding         Hex            0%         N/A       80%         3
 Vampiric Draining        Necr           0%         2d6       80%         3
 Volatile Blastmotes      Fire/Tloc      0%         2d10      80%         3
 Brom's Barrelling Bould  Conj/Erth      0%         2d3       99%         4
 Fulminant Prism          Conj/Alch      0%         3d5       99%         4
 Iskenderun's Mystic Bla  Conj/Tloc      0%         2d3       99%         4


Dungeon Overview and Level Annotations

Branches:
Dungeon (11/15)            Temple (1/1) D:4            Lair (3/5) D:11
 Spider (0/4) Lair:3      Ossuary (visited)
  Swamp: Lair:2-3    Shoals: Lair:2-3       Orc: D:9-12

Altars:
Ashenzari
Cheibriados
Dithmenos
Elyvilon
Fedhas
Gozag
Hepliaklqana
Kikubaaqudgha
Makhleb
Nemelex Xobeh
Okawaru
Qazlal
Ru
Sif Muna
Trog
Uskayaw
Vehumet
Wu Jian
Xom
Yredelemnul
Zin
The Shining One

Shops:
D:9 :

Portals:
Trove: D:11 (give +3 storm dragon scales)

Annotations:
D:10 exclusion: statue


Innate Abilities, Weirdness & Mutations

You are a tree.
Your roots penetrate the ground, keeping you stationary.
You cannot be teleported.
You are immune to unholy pain and torment.
Your maximum health is greatly increased.
Your equipment is partially melded.
((Armour fits poorly on your strangely shaped body.))
((You have extremely tough skin. (AC +3)))
((You have a long armoured tail.))
You regenerate magic and health when rolling toward enemies. (Rampage Regen)
Your body often deteriorates upon taking damage.
You are somewhat resistant to further mutation.


Message History

The bullfrog hits you.
* * * LOW HITPOINT WARNING * * *
You feel better.
A nearby fungus withers and dies.
The pharaoh ant bites you!
* * * LOW HITPOINT WARNING * * *
The bullfrog hits you but does no damage.
Unknown command.
You are confused.
You feel invigorated.
The pharaoh ant bites you but does no damage.
The bullfrog hits you but does no damage.
The bullfrog completely misses you. The pharaoh ant bites you!
* * * LOW HITPOINT WARNING * * *
The scorpion completely misses you.
Unknown command.
You cannot move. (Use ctrl+direction or * direction to attack while stationary and confused.)
You cannot move. (Use ctrl+direction or * direction to attack while stationary and confused.)
You attack the rock wall.
The bullfrog hits you but does no damage.
You barely miss the bullfrog.
The pharaoh ant bites you but does no damage.
The scorpion stings you but does no damage.
You closely miss the pharaoh ant.
The bullfrog hits you but does no damage.
The pharaoh ant bites you!!
* * * LOW HITPOINT WARNING * * *
Your body deteriorates!
You feel dopey.
You feel drained.
* * * LOW HITPOINT WARNING * * *
The scorpion stings you but does no damage.
Unknown command.
You are too confused!
You feel better.
You feel less invigorated. The bullfrog hits you.
* * * LOW HITPOINT WARNING * * *
The pharaoh ant bites you!!
* * * LOW HITPOINT WARNING * * *
Your body deteriorates!
You feel weakened.
You feel drained.
* * * LOW HITPOINT WARNING * * *
The scorpion stings you.
You die...

*,*,..,....................
*,,,*,,,*......................
*#......##.....................
*.......#...............)......
,,,...>.......#.#.$..,,..........
,,,...........#....,****P##......
,,.##.?...#.#...s##** ***#......
......#.......lBFs# ##......
...$..##.?.[...#♣## ##.....†.
..#............### #........
#.##.........### ###.....?
#.....#......### ######......
#...P##........#######.#.........
.................................
.................................
.................................
.................................


You could see a basilisk, a pharaoh ant, a jumping spider, a bullfrog and a
scorpion.

Vanquished Creatures
  A hydra (Lair:3)
  A centaur warrior (D:10)
  5 two-headed ogres
  A death yak (Lair:1)
  2 skysharks
  2 manticores (D:11)
  2 black mambas
  4 cane toads
  A gargoyle (D:11)
  A rime drake (Lair:2)
  An unseen horror (D:11)
  2 kobold demonologists (D:10)
  2 komodo dragons (Lair:3)
  2 guardian mummies (D:11)
  A queen bee (D:10)
  A blink frog (Lair:1)
  2 hornets
  A dream sheep (Lair:1)
  A wraith (D:10)
  15 yaks
  A shadow (D:9)
  8 wyverns
  A basilisk (Lair:1)
  2 steam dragons
  6 vampire mosquitoes
  Edmund (D:4)
  2 acid dragons (D:9)
  10 water moccasins
  2 sky beasts
  2 black bears (D:5)
  2 ogres (D:6)
  3 centaurs
  13 wolves
  2 phantoms
  Blork the orc (D:4)
  9 bullfrogs
  2 gnoll sergeants (D:10)
  5 kobold brigands
  2 scorpions
  42 killer bees
  5 electric eels
  A bombardier beetle (D:3)
  A hound (D:7)
  2 centaur zombies (Ossuary)
  6 orc priests
  2 gnoll boudas
  3 jellies
  2 sleepcaps
  2 iguanas
  9 orc wizards
  4 crocodile zombies (Ossuary)
  2 mummies (Ossuary)
  21 gnolls
  7 adders
  2 shadow imps (D:6)
  3 white imps
  2 dart slugs
  A ribbon worm (D:3)
  22 orcs
  6 endoplasms
  13 giant cockroaches (D:2)
  2 gnoll zombies (Ossuary)
  5 goblins
  11 hobgoblins
  3 jackals (D:2)
  4 quokkas
  7 ball pythons
  6 bats
  4 frilled lizards
  24 kobolds
  2 kobold zombies (Ossuary)
  5 rats
353 creatures vanquished.

Vanquished Creatures (others)
  A killer bee (D:10)
  An orc wizard (D:6)
2 creatures vanquished.

Grand Total: 355 creatures vanquished

Notes
Turn   | Place    | Note
-------+----------+-------------------------------------------
     0 | D:1      | jasper the Armataur Fighter began the quest for the Orb.
     0 | D:1      | Reached XP level 1. HP: 18/18 MP: 1/1
   197 | D:1      | Reached XP level 2. HP: 18/25 MP: 2/2
   777 | D:1      | You fall into a shaft and drop 1 floor!
  1099 | D:2      | Reached XP level 3. HP: 30/30 MP: 3/3
  1561 | D:2      | Reached XP level 4. HP: 37/37 MP: 4/4
  1998 | D:3      | Noticed a sky beast
  2002 | D:3      | Killed a sky beast
  2003 | D:3      | Reached skill level 5 in Maces & Flails
  2003 | D:3      | Reached XP level 5. HP: 33/42 MP: 5/5
  2165 | D:3      | Reached XP level 6. HP: 50/50 MP: 6/6
  2549 | D:4      | Gained mutation: Your body sometimes deteriorates upon
                  | taking damage. [potion of mutation]
  2549 | D:4      | Gained mutation: Your body often deteriorates upon taking
                  | damage. [potion of mutation]
  2549 | D:4      | Gained mutation: You are somewhat resistant to further
                  | mutation. [potion of mutation]
  2924 | D:4      | Found a staircase to the Ecumenical Temple.
  2963 | Temple   | Entered the Ecumenical Temple
  2969 | Temple   | Became a worshipper of Ashenzari the Shackled
  3118 | D:4      | Noticed Blork the orc
  3126 | D:4      | Killed Blork the orc
  3212 | D:4      | Noticed Edmund
  3227 | D:4      | Killed Edmund
  3228 | D:4      | Gained mutation: You regenerate magic and health when
                  | rolling toward enemies. (Rampage Regen) [Armataur growth]
  3228 | D:4      | Reached XP level 7. HP: 56/56 MP: 7/7
  3584 | D:5      | Entered Level 5 of the Dungeon
  3618 | D:5      | Reached * piety under Ashenzari
  3858 | D:5      | Identified the +3 ring mail of Terror {rN+}
  4155 | D:5      | Found a hazy altar of Hepliaklqana.
  4162 | D:5      | Reached XP level 8. HP: 60/63 MP: 8/8
  4202 | D:5      | Found a burning altar of Makhleb.
  4324 | D:6      | Reached ** piety under Ashenzari
  4448 | D:6      | Found a sand-covered staircase.
  4462 | Ossuary  | Entered an ossuary
  4696 | D:6      | Reached skill level 10 in Maces & Flails
  5256 | D:7      | Reached XP level 9. HP: 70/70 MP: 9/9
  5352 | D:7      | Reached *** piety under Ashenzari
  5395 | D:7      | Found an opulent altar of Gozag.
  5742 | D:7      | Reached skill level 4 in Armour
  5773 | D:7      | Found a white marble altar of Elyvilon.
  5961 | D:8      | Reached skill level 5 in Armour
  6141 | D:8      | Noticed a two-headed ogre
  6157 | D:8      | Reached skill level 6 in Armour
  6169 | D:8      | Killed a two-headed ogre
  6170 | D:8      | Reached skill level 5 in Fighting
  6170 | D:8      | Reached skill level 7 in Armour
  6664 | D:9      | Noticed a two-headed ogre
  6788 | D:9      | Reached XP level 10. HP: 64/86 MP: 10/10
  6815 | D:9      | Reached skill level 8 in Armour
  6921 | D:9      | Paralysed by a hornet for 2 turns
  6976 | D:9      | Found Dylaqarph's Book Emporium.
  7244 | D:9      | Reached skill level 9 in Armour
  7382 | D:9      | Killed a two-headed ogre
  7575 | D:10     | Entered Level 10 of the Dungeon
  7596 | D:10     | Noticed a centaur warrior
  7608 | D:10     | Killed a centaur warrior
  7609 | D:10     | Reached skill level 10 in Armour
  7910 | D:10     | Reached XP level 11. HP: 91/99 MP: 11/11
  7917 | D:10     | Reached skill level 11 in Armour
  7965 | D:10     | Found a hide-covered altar of Uskayaw.
  8144 | D:10     | Noticed a +0 hand axe
  8144 | D:10     | Noticed a +0 hand axe
  8281 | D:10     | Found a radiant altar of Vehumet.
  8295 | D:10     | Found a sacrificial altar of Ru.
  8620 | D:11     | Found a staircase to the Lair.
  8685 | D:11     | Reached **** piety under Ashenzari
  8719 | D:11     | Found a portal to a secret trove of treasure.
  8852 | D:11     | Reached skill level 12 in Armour
  9021 | D:11     | Noticed a two-headed ogre
  9047 | D:11     | Killed a two-headed ogre
  9059 | D:11     | Noticed a two-headed ogre
  9074 | D:11     | Reached skill level 10 in Fighting
  9208 | D:11     | Reached skill level 13 in Armour
  9297 | D:11     | Killed a two-headed ogre
  9448 | D:11     | Noticed a two-headed ogre
  9469 | D:11     | Killed a two-headed ogre
  9743 | Lair:1   | Entered Level 1 of the Lair of Beasts
  9769 | Lair:1   | Reached XP level 12. HP: 92/113 MP: 12/12
  9961 | Lair:1   | Reached ***** piety under Ashenzari
 10037 | Lair:1   | Noticed a death yak
 10053 | Lair:1   | Killed a death yak
 10054 | Lair:1   | Reached skill level 14 in Armour
 11001 | Lair:2   | Reached skill level 15 in Armour
 11625 | Lair:3   | Noticed a four-headed hydra
 11669 | Lair:3   | Killed a four-headed hydra
 11727 | Lair:3   | Found a hole to the Spider Nest.
 11746 | Lair:3   | HP: 5/145 [pharaoh ant (21)]
 11746 | Lair:3   | Slain by a scorpion

Illustrated notes

Levels and vault maps discovered:
D:1:      wander_arrival_fairy_ring, layout_loops_corners, grunt_decor_arrowhead
D:2:      minmay_roachtagon, layout_loops_cross
D:3:      layout_basic
D:4:      layout_gridville, temple_pool_b, uniq_edmund, uniq_blork_the_orc
D:5:      layout_loops_cross, nicolae_hepliaklqana_hazy_memory,
          mainiacjoe_overflow_brackets
D:6:      layout_basic, enter_ossuary_1, chequers_big_river
D:7:      layout_loops_ring, nicolae_elyvilon_temple_path,
          mainiacjoe_overflow_cross_hatched
D:8:      layout_basic, minmay_checkerbox
D:9:      layout_basic, nicolae_take_the_stairs
D:10:     layout_roguey [special_room_bee], nicolae_ru_great_annihilating_truth,
          vehumet_statue, dancing_weapons_uskayaw, nicolae_the_louvre
D:11:     layout_irregular_city, minmay_lair_entry_grove, serial_column_ruins,
          column_ruins_columns_corner, column_ruins_grid_1,
          column_ruins_columns_corner, column_ruins_columns_straight,
          column_ruins_corridor_water, column_ruins_columns_straight,
          nicolae_trove_entry_path_of_doom
Temple:   hellmonk_temple_two_chambers
Lair:1:   layout_gridlike, hangedman_lair_generics_rect
Lair:2:   beargit_carnivore_pack, layout_regular_city, minmay_lindwurm_lava
Lair:3:   layout_big_grid, minmay_swamp_entry_reptiles,
          nicolae_spider_entry_lesser_pyramids, ice2_lemuel

Skill      XL: |  1  2  3  4  5  6  7  8  9 10 11 12 |
---------------+-------------------------------------+-----
Maces & Flails | 2 3 5 7 8 10 11 | 11.1
Fighting       | 5 8 10 12 | 12.3
Armour         | 7 10 13 15 | 15.7
Shields        | |  3.2

Action                     |  1- 3 |  4- 6 |  7- 9 | 10-12 || total
---------------------------+-------+-------+-------+-------++-------
  Melee: Flail             |   119 |       |       |       ||   119
         Tailslap          |    12 |    12 |    16 |    91 ||   131
         Morningstar       |     7 |   142 |       |       ||   149
         Dire flail        |       |       |   242 |   599 ||   841
  Throw: Dart              |       |       |     4 |       ||     4
 Invoke: Curse Item        |       |       |     4 |     3 ||     7
         Shatter the Chain |       |       |       |     1 ||     1
  Evoke: Wand              |       |       |     6 |     8 ||    14
    Use: Scroll            |     5 |     4 |     1 |     1 ||    11
         Potion            |       |     6 |     2 |    14 ||    22
   Stab: Invisible         |       |       |     3 |     2 ||     5
         Paralysed         |       |       |       |     1 ||     1
 Armour: Scale mail        |    10 |       |       |       ||    10
         Chain mail        |    98 |   107 |    41 |       ||   246
         Ring mail         |       |       |   148 |   442 ||   590
         Plate armour      |       |       |       |    80 ||    80
         Skin              |       |       |       |    17 ||    17
  Dodge: Dodged            |    51 |    30 |    70 |   204 ||   355
  Block: Buckler           |    27 |    28 |       |       ||    55
